 Dungeon Crawl Stone Soup version 0.28.0-1-gb440e238dd (webtiles) character file.

Game seed: 8614401786417424239

239 mcwallace the Skirmisher (level 6, -2/53 HPs)
             Began as a Hill Orc Fighter on Feb 20, 2022.
             Was an Initiate of the Shining One.
             Slain by an ogre (30 damage)
             ... on level 4 of the Dungeon.
             The game lasted 00:02:43 (2513 turns).

mcwallace the Skirmisher (Hill Orc Fighter)         Turns: 2513, Time: 00:02:44

Health: -2/53      AC: 13    Str: 21    XL:     6   Next: 7%
Magic:  6/6        EV: 10    Int:  8    God:    the Shining One [......]
Gold:   135        SH:  4    Dex: 10    Spells: 5/5 levels left

rFire   . . .      SeeInvis .   a - +0 war axe {axe}
rCold   . . .      Faith    .   c - +0 buckler
rNeg    . . .      Spirit   .   b - +0 scale mail
rPois   .          Reflect  .   s - +2 hat
rElec   .          Harm     .   (no cloak)
rCorr   .          Rampage  .   (no gloves)
Will    .....                   (no boots)
Stlth   ..........              x - amulet of magic regeneration {@e2}
HPRegen 0.17/turn               i - +4 ring of protection
MPRegen 0.50/turn               (no ring)

@: glowing
A: no striking features
a: Renounce Religion


You were on level 4 of the Dungeon.
You worshipped the Shining One.
The Shining One was noncommittal.
You visited 1 branch of the dungeon, and saw 4 of its levels.

You collected 135 gold pieces.


   Skills:
 + Level 4.6 Fighting
 + Level 4.2 Axes
 + Level 4.3 Armour
 * Level 2.0 Dodging
 + Level 4.2 Shields
 + Level 1.2 Invocations


You had 5 spell levels left.
You didn't know any spells.
Your spell library was empty.

Inventory:

Hand Weapons
 a - a +0 war axe (weapon) {axe}
 j - a +1 short sword of speed {short}
   (You took it off a kobold on level 1 of the Dungeon)
Missiles
 f - 9 boomerangs (quivered) {throwing}
 g - 56 arrows
 h - 67 bolts
 o - 13 stones {throwing}
 q - 6 poisoned darts {throwing}
 t - 33 sling bullets
Armour
 b - a +0 scale mail (worn)
 c - a +0 buckler (worn)
 s - a +2 hat (worn)
   (You found it on level 3 of the Dungeon)
Jewellery
 i - a +4 ring of protection (left hand)
   (You found it on level 1 of the Dungeon)
 x - an amulet of magic regeneration (around neck) {@e2}
   (You found it on level 3 of the Dungeon)
Wands
 v - a wand of flame (15)
   (You found it on level 3 of the Dungeon)
 w - a wand of digging (6)
   (You took it off a hobgoblin on level 3 of the Dungeon)
Scrolls
 e - 2 scrolls of amnesia {unknown}
 k - a scroll of acquirement {unknown}
 p - a scroll of identify {unknown}
 r - a scroll of noise {unknown}
 u - a scroll of teleportation {unknown}
Potions
 d - a potion of might
 l - a potion of lignification {unknown}
 m - 3 potions of curing {unknown}
 n - a potion of flight {unknown}

Dungeon Overview and Level Annotations

Branches:
Dungeon (4/15)
 Temple: D:4-7

Altars:
Cheibriados
Elyvilon
Hepliaklqana
Xom
The Shining One

########## .........# . ..
.#..####. #.##.## .#..###
.#...# ......# ..<.. ##..#.#
#...# #. ##....##.# #.).#######
#. .........# #.Oo......# #.
.###.#########..@#####.# #. ###
......##.....$.........# #.
..### .###...................#
#.#.....
.###.###...............###....#
.##)..## #####...#.......##.#.#
##..#..# #.........#......#
#.###)# #...#.##.##..#.###
#..#..# #...#.##.......#
#....### #...#.#####..###


You could see an ogre and an orc.


Message History

There are monsters nearby!
You slash the adder skeleton!
You destroy the adder skeleton!
The Shining One accepts your kill.
You slash the dart slug!
You kill the dart slug!
You slash the adder skeleton! You block the adder skeleton's attack.
The kobold throws a stone.
The stone hits you but does no damage.
Your Axes skill increases to level 4!
You barely miss the adder skeleton. The adder skeleton closely misses you.
The adder skeleton barely misses you.
There are monsters nearby! 😕 HP[-2]
You take 2 damage, and now have 45/47 hp.
You hit the adder skeleton.
You destroy the adder skeleton!
The Shining One accepts your kill.
You slash the kobold!
You kill the kobold!
An ogre comes into view. It is wielding a +0 giant club.
An ogre is nearby!
An ogre is nearby!
An ogre is nearby!
You block the ogre's attack.
An ogre is nearby!
You slash the ogre! The ogre closely misses you.
You slash the ogre! You block the ogre's attack.
You slash the ogre!
You kill the ogre!
Your Dodging skill increases to level 2!
Your Invocations skill increases to level 1!
You have reached level 6! 😕 HP[+6] MP[+1]
You now have 53 max hp (+6).
You regained 6 hp, and now have 51/53 hp.
Your mp is fully restored (6).
o - 13 stones {throwing} (gained 4);
h - 67 bolts (gained 25)
Things that are here:
a +0 short sword {short}; a +0 leather armour; a kobold corpse 😎 HP[+2]
Your hp is fully restored (53).
Found a stone staircase leading down.
An endoplasm comes into view.
The endoplasm quivers.
An endoplasm is nearby!
You slash the endoplasm!
You kill the endoplasm!
No target in view!
No target in view!
No target in view!
A kobold comes into view. It is wielding a +0 dagger.
The kobold shouts!
A kobold is nearby!
A kobold is nearby!
A kobold is nearby!
You hit the kobold but do no damage.
An endoplasm comes into view.
The kobold barely misses you.
You hit the kobold.
You kill the kobold!
Things that are here:
a +0 dagger {short}; a kobold corpse An endoplasm is nearby!
The endoplasm hits you but does no damage.
An endoplasm is nearby!
You hit the endoplasm but do no damage. You block the endoplasm's attack.
You slash the endoplasm!
You kill the endoplasm!
Things that are here:
a +0 dagger {short}; a kobold corpse
e - 2 scrolls labelled XANKEH ATTUMEZ (gained 1) Key pressed, stopping explore.
No target in view!
An ogre comes into view. It is wielding a +0 giant spiked club.
Found a stone staircase leading up.
The ogre shouts!
An ogre is nearby!
An ogre is nearby!
An ogre is nearby!
An orc comes into view. It is wielding a +0 short sword.
The orc shouts!
The ogre hits you but does no damage.
You completely miss the ogre. The ogre closely misses you.
You slash the ogre!
The ogre hits you with a +0 giant spiked club!! 😮 HP[-20]
You take 20 damage, and now have 33/53 hp.
MASSIVE DAMAGE!! (PAUSE)
You are too injured to fight recklessly!
You are too injured to fight recklessly!
You are too injured to fight recklessly!
You are too injured to fight recklessly!
You hit the ogre.
The ogre hits you with a +0 giant spiked club. 😮 HP[-5]
You take 5 damage, and now have 28/53 hp.
You hit the ogre.
The ogre hits you with a +0 giant spiked club!!
Ouch! That really hurt!
You die...

Skill      XL: |  1  2  3  4  5 |
---------------+----------------+-----
Axes           | 3 4 |  4.2
Fighting       | 4 |  4.6
Dodging        | 1 2 |  2.0
Armour         | 4 |  4.3
Shields        | 4 |  4.2
Invocations    | 1 |  1.2

Action                   |  1- 3 |  4- 6 || total
-------------------------+-------+-------++-------
Melee: War axe           |    86 |    87 ||   173
Armor: Scale mail        |    46 |    52 ||    98
Dodge: Dodged            |    41 |    40 ||    81
Block: Buckler           |    25 |    22 ||    47

Levels and vault maps discovered:
D:1:      tarquinn_simple_flora_water_e, layout_basic, minmay_tromino_i2
D:2:      minmay_alternating_diamond, layout_basic, basic_altar,
          nicolae_ecumenical_lake_church, minmay_curled_crystal,
          serial_bayou_ford_a
D:3:      layout_basic, regret_index_temple_of_mockery,
          overflow_temple_1_default, nicolae_tso_besieged_by_evil,
          minmay_misc_feat_encased, chequers_decorated_corner, feat_on_display
D:4:      layout_loops_cross, marbit_many_paths

Notes
Turn   | Place    | Note
-------+----------+-------------------------------------------
     0 | D:1      | mcwallace the Hill Orc Fighter began the quest for the Orb.
     0 | D:1      | Reached XP level 1. HP: 19/19 MP: 1/1
     0 | D:1      | magus.rc [v1.9.6]
   326 | D:1      | Reached XP level 2. HP: 27/27 MP: 2/2
   377 | D:1      | Reached skill level 3 in Axes
   852 | D:2      | Found a white marble altar of Elyvilon.
   858 | D:2      | Reached XP level 3. HP: 33/33 MP: 3/3
  1023 | D:2      | Reached skill level 4 in Fighting
  1171 | D:2      | Reached skill level 1 in Dodging
  1239 | D:2      | Reached XP level 4. HP: 40/40 MP: 4/4
  1331 | D:2      | Found a faded altar of an unknown god.
  1792 | D:3      | Found a snail-covered altar of Cheibriados.
  2045 | D:3      | Found a glowing golden altar of the Shining One.
  2059 | D:3      | Became a worshipper of the Shining One
  2062 | D:3      | Reached skill level 4 in Armour
  2062 | D:3      | Reached skill level 4 in Shields
  2062 | D:3      | Reached XP level 5. HP: 47/47 MP: 5/5
  2120 | D:3      | Found a hazy altar of Hepliaklqana.
  2126 | D:3      | Found a shimmering altar of Xom.
  2127 | D:3      | Noticed a spectral ugly thing
  2428 | D:4      | Reached skill level 4 in Axes
  2429 | D:4      | Noticed an ogre
  2434 | D:4      | Killed an ogre
  2435 | D:4      | Reached skill level 2 in Dodging
  2435 | D:4      | Reached skill level 1 in Invocations
  2435 | D:4      | Reached XP level 6. HP: 51/53 MP: 6/6
  2513 | D:4      | Slain by an ogre

Vanquished Creatures
  An ogre (D:4)
  A crimson imp (D:3)
  4 adders
  2 adder skeletons (D:4)
  2 worms (D:2)
  3 dart slugs
  8 ball pythons
  5 bats
  7 endoplasms
  A giant cockroach (D:1)
  7 goblins
  5 hobgoblins
  5 frilled lizards
  A goblin skeleton (D:3)
  3 goblin zombies (D:3)
  A hobgoblin zombie (D:3)
  6 kobolds
  3 kobold skeletons (D:3)
  3 kobold zombies (D:3)
  5 rats
73 creatures vanquished.

Table legend:
 A = Non-vault XP
 B = Vault XP
 C = Vault XP percentage of total XP
 D = Non-vault monster count
 E = Vault monster count
 F = Vault count percentage of total count
                 A         B        C        D         E       F
            +---------+---------+-------+---------+---------+-------
      Total |     271 |      71 |  20.8 |      56 |      17 |  23.3
            +---------+---------+-------+---------+---------+-------
        D:1 |      21 |       1 |   4.5 |      14 |       1 |   6.7
        D:2 |      55 |       9 |  14.1 |      21 |       4 |  16.0
        D:3 |      54 |      61 |  53.0 |      13 |      12 |  48.0
        D:4 |     141 |       0 |   0.0 |       8 |       0 |   0.0
            +---------+---------+-------+---------+---------+-------

Illustrated notes

Table legend:
 A = Kills in this place as a percentage of kills in entire the game.
 B = Kills by you in this place as a percentage of kills by you in the entire game.
 C = Kills by friends in this place as a percentage of kills by friends in the entire game.
 D = Other kills in this place as a percentage of other kills in the entire game.
 E = Experience gained in this place as a percentage of experience gained in the entire game.
 F = Experience gained in this place divided by the number of levels of this place that you have seen.
                   A       B       C       D       E      F
               +-------+-------+-------+-------+-------+----------------------
         Total | 100.0 | 100.0 |   N/A |   N/A | 100.0 |  85.5
       Dungeon | 100.0 | 100.0 |   N/A |   N/A | 100.0 |  85.5
               +-------+-------+-------+-------+-------+----------------------

Table legend: (Time is in decaauts)
 A = Elapsed time spent in this place.
 B = Non-inter-level travel time spent in this place.
 C = Inter-level travel time spent in this place.
 D = Time resting spent in this place.
 E = Time spent auto-exploring this place.
 F = Levels seen in this place.
 G = Mean time per level.
                   A        B        C        D        E       F      G
               +--------+--------+--------+--------+--------+-----+--------+
         Total |   2589 |   2552 |     37 |      0 |   2101 |   4 |  647.2 |
       Dungeon |   2589 |   2552 |     37 |      0 |   2101 |   4 |  647.2 |
               +--------+--------+--------+--------+--------+-----+--------+

Top non-repeatable levels by time:
     D:2: 940 daAuts
     D:3: 796 daAuts
     D:1: 723 daAuts
     D:4: 128 daAuts
